 Dungeon Crawl Stone Soup version 0.24.1-8-ga250c9d538 (webtiles) character file.

Game seed: 9995140622357492538, levelgen mode: deterministic

262 Gynju the Firebug (level 5, -3/38 HPs)
             Began as a Draconian Fire Elementalist on May 1, 2020.
             Slain by a crocodile (10 damage)
             ... on level 3 of the Dungeon.
             The game lasted 00:03:49 (4295 turns).

Gynju the Firebug (Draconian Fire Elementalist)     Turns: 4295, Time: 00:03:49

Health: -3/38      AC:  7    Str: 11    XL:     5   Next: 97%
Magic:  1/9        EV: 12    Int: 16    God:
Gold:   183        SH:  0    Dex: 11    Spells: 2/10 levels left

rFire    . . .     SeeInvis .   g - -1 spear (curse)
rCold    . . .     Gourm    .   (no shield)
rNeg     . . .     Faith    .   (armour unavailable)
rPois    .         Spirit   .   (helmet restricted)
rElec    .         Reflect  .   i - +1 cloak
rCorr    .         Harm     .   (no gloves)
MR       .....                  (no boots)
Stlth    ++........             (no amulet)
HPRegen  0.12/turn              (no ring)
MPRegen  0.11/turn              (no ring)

@: no status effects
A: unfitting armour, cold-blooded, AC +5
a: no special abilities


You were on level 3 of the Dungeon.
You were not hungry.

You visited 1 branch of the dungeon, and saw 3 of its levels.

You collected 183 gold pieces.

Inventory:

Hand Weapons
 g - a cursed -1 spear (weapon)
Missiles
 f - 9 poisoned darts (quivered)
Armour
 i - a +1 cloak (worn)
Jewellery
 o - an uncursed amulet of regeneration {unknown}
Wands
 n - a wand of digging (7)
Scrolls
 e - a scroll of immolation {unknown}
 h - 5 scrolls of identify {unknown}
 j - a scroll of teleportation {unknown}
 k - a scroll of magic mapping {unknown}
 l - 5 scrolls of amnesia {unknown}
 m - a scroll of blinking {unknown}
 p - a scroll of enchant weapon {unknown}
Potions
 a - 3 potions of lignification {unknown}
 c - a potion of heal wounds {unknown}
 d - 4 potions of curing {@q1}
 r - 2 potions of brilliance {unknown}
 s - a potion of might {unknown}
Comestibles
 b - 2 rations


   Skills:
 - Level 1.7 Dodging
 + Level 3.4 Stealth
 + Level 3.2 Spellcasting
 + Level 3.0 Conjurations
 + Level 4.2 Fire Magic


You had 2 spell levels left.
You knew the following spells:

 Your Spells              Type           Power        Failure   Level  Hunger
a - Flame Tongue          Conj/Fire      ##...        4%          1    None
b - Conjure Flame         Conj/Fire      ##......     12%         3    ###....
c - Sticky Flame          Conj/Fire      ##......     38%         4    ####...

Your spell library contained the following spells:

 Spells                   Type           Power        Failure   Level  Hunger
 Throw Flame              Conj/Fire      ##....       6%          2    ##.....
 Inner Flame              Hex/Fire       #.......     22%         3    ###....
 Fireball                 Conj/Fire      ##........   75%         5    ######.


Dungeon Overview and Level Annotations

Branches:
Dungeon (3/15)

Altars:


Innate Abilities, Weirdness & Mutations

Your plain brown scales are hard. (AC +5)
You cannot fit into any form of body armour.
You are cold-blooded and may be slowed by cold attacks.


Message History

Aim: a crocodile (severely wounded)
The flame tongue misses the crocodile.
The crocodile bites you!
Casting: Flame Tongue (safe; 4% risk of failure)
Confirm with . or Enter, or press ? or * to list all spells.
Aiming: Flame Tongue (safe; 4% risk of failure)
Press: ? - help, Shift-Dir - straight line, f/p - crocodile
Aim: a crocodile (severely wounded)
The flame tongue hits the crocodile.
The crocodile is severely wounded.
The crocodile bites you!!
* * * LOW HITPOINT WARNING * * *
Casting: Flame Tongue (safe; 4% risk of failure)
Confirm with . or Enter, or press ? or * to list all spells.
Aiming: Flame Tongue (safe; 4% risk of failure)
Press: ? - help, Shift-Dir - straight line, f/p - crocodile
Aim: a crocodile (severely wounded)
The flame tongue hits the crocodile.
The crocodile is almost dead.
The crocodile bites you!
You die...

...#
####.#
...#
#.รท..#
...#
#.####
...#
#.####
...#
#....#
...#
####.#
...#
#(..#
#.###
#..@#
###t#
..#
####


You could see a crocodile.

Vanquished Creatures
  Terence (D:3)
  Natasha (twice) (D:3)
  4 gnolls (D:2)
  5 adders
  An ooze (D:2)
  A worm (D:2)
  5 dart slugs
  3 leopard geckos
  5 giant cockroaches
  5 goblins
  12 hobgoblins
  11 jackals
  A quokka (D:3)
  2 ball pythons
  4 bats
  4 frilled lizards
  7 kobolds
  16 rats
89 creatures vanquished.

Notes
Turn   | Place    | Note
-------+----------+-------------------------------------------
     0 | D:1      | Gynju the Draconian Fire Elementalist began the quest for
                  | the Orb.
     0 | D:1      | Reached XP level 1. HP: 14/14 MP: 3/3
   177 | D:1      | Reached XP level 2. HP: 13/20 MP: 1/5
   883 | D:1      | Reached XP level 3. HP: 26/26 MP: 2/6
  2038 | D:2      | Learned a level 3 spell: Conjure Flame
  2078 | D:2      | Reached XP level 4. HP: 33/33 MP: 3/7
  2642 | D:2      | Learned a level 4 spell: Sticky Flame
  3069 | D:2      | Reached XP level 5. HP: 38/38 MP: 5/9
  3381 | D:3      | Noticed Natasha
  3386 | D:3      | Killed Natasha
  3386 | D:3      | Reached skill level 4 in Fire Magic
  3609 | D:3      | Noticed Natasha
  3613 | D:3      | Killed Natasha
  3707 | D:3      | Noticed Terence
  3713 | D:3      | Killed Terence
  4287 | D:3      | Noticed a crocodile
  4295 | D:3      | Slain by a crocodile

Levels and vault maps discovered:
D:1:      doesnt_arrival_eight_statues, layout_basic, minmay_fountain_box
D:2:      layout_loops_ring, nicolae_overflow_hidden_temple,
          minmay_rat_gold_closets
D:3:      layout_basic, serial_bayou_lake_a, uniq_natasha, uniq_terence

Skill      XL: |  1  2  3  4  5 |
---------------+----------------+-----
Stealth        | 2 3 |  3.4
Conjurations   | 2 3 |  3.0
Spellcasting   | 3 |  3.2
Fire Magic     | 4 |  4.2
Dodging        | |  1.7

Action                   |  1- 3 |  4- 6 || total
-------------------------+-------+-------++-------
Melee: Club              |    25 |       ||    25
       Tailslap          |     5 |     1 ||     6
       Unarmed           |     1 |       ||     1
       Spear             |     1 |     6 ||     7
 Cast: Flame Tongue      |    75 |   110 ||   185
 Stab: Sleeping          |     1 |       ||     1
  Eat: Chunk             |     5 |     7 ||    12
Armor: Skin              |    25 |    11 ||    36
Dodge: Dodged            |    47 |    25 ||    72
